 Dungeon Crawl Stone Soup version 0.17-a0-1508-ge7f3dc3 (webtiles) character file.

26769 amnekian the Covert (level 13, -6/154 HPs)
             Began as a Formicid Fighter on July 9, 2015.
             Was a High Priest of Dithmenos.
             Mangled by a jumping spider (11 damage)
             ... on level 3 of the Lair of Beasts on July 10, 2015.
             The game lasted 02:29:00 (25728 turns).

amnekian the Covert (Formicid Fighter)             Turns: 25728, Time: 02:29:01

Health: -6/154     AC: 32    Str: 25    XL:     13   Next: 60%
Magic:  17/17      EV:  2    Int:  9    God:    Dithmenos [*****.]
Gold:   845        SH: 13    Dex: 16    Spells: 3 memorised, 7 levels left

rFire  . . .     SeeInvis .     a - +1 long sword (protect)
rCold  . . .     Clarity  +     (armour currently unavailable)
rNeg   + + +     SustAt   .     c - +0 shield
rPois  +         Gourm    .     (helmet unavailable)
rElec  .         Spirit   .     (cloak currently unavailable)
rCorr  .         Warding  .     (gloves currently unavailable)
rMut   .         Stasis   +     (boots currently unavailable)
MR     +....                    E - amulet of clarity
Stlth  ++++++++++               G - +3 ring of strength
                                L - ring "Teel Ajo" {+Fly AC+1 Dex+3}

@: tree-form, wreathed by umbra, somewhat resistant to hostile enchantments,
uncannily stealthy
A: permanent stasis, dig shafts and tunnels, four strong arms, (antennae 0)
a: Shadow Step, Shadow Form, Renounce Religion


You were on level 3 of the Lair of Beasts.
You worshipped Dithmenos.
Dithmenos was extremely pleased with you.
You were hungry.
You were a tree.
You visited 4 branches of the dungeon, and saw 19 of its levels.

You collected 979 gold pieces.
You spent 134 gold pieces at shops.

Inventory:

Hand weapons
 a - a +1 long sword of protection (weapon)
 b - a +0 blowgun
 i - a +0 arbalest
 J - a +0 shortbow
Missiles
 g - 308 stones (quivered)
 n - 3 javelins
 x - 2 curare-tipped needles
 O - 46 poisoned needles
 Q - 2 tomahawks
Armour
 c - a +0 shield (worn)
 p - a +3 ring mail (melded)
 v - a +2 cloak of magic resistance (melded)
Jewellery
 C - an uncursed ring of positive energy
 E - an amulet of clarity (around neck)
 G - a +3 ring of strength (right branch)
 L - the ring "Teel Ajo" (left branch) {+Fly AC+1 Dex+3}
   (You took it off a hobgoblin on level 10 of the Dungeon)

   [ring of protection]

   It affects your AC (+1).
   It affects your dexterity (+3).
   It lets you fly.
Magical devices
 j - a wand of draining (5)
 A - a wand of invisibility (6)
 B - a wand of confusion (34)
 T - a wand of confusion (8)
Scrolls
 s - 3 scrolls of identify
 y - 2 scrolls of enchant armour
 F - 2 scrolls of fog
 H - 2 scrolls of fear
 K - 2 scrolls of remove curse
 M - 2 scrolls of enchant weapon
 X - a scroll of magic mapping
Potions
 d - 3 potions of might
 h - 2 potions of brilliance
 m - 2 potions of curing
 o - a potion of invisibility
 w - a potion of heal wounds
 z - a potion of resistance
 D - 4 potions of flight
 U - a potion of magic
 Y - a potion of agility
Books
 l - a book of Clouds

   Spells                             Type                      Level
   a - Mephitic Cloud                 Conjuration/Poison/Air       3
   b - Conjure Flame                  Conjuration/Fire             3
   c - Poisonous Cloud                Conjuration/Poison/Air       6
   d - Freezing Cloud                 Conjuration/Ice/Air          6
   e - Ring of Flames                 Charms/Fire                  7
 r - a book of the Sky

   Spells                             Type                      Level
   a - Summon Lightning Spire         Summoning/Air                4
   b - Airstrike                      Air                          4
   c - Silence                        Hexes/Air                    5
   d - Deflect Missiles               Charms/Air                   6
   e - Conjure Ball Lightning         Conjuration/Air              6
   f - Tornado                        Air                          9
Miscellaneous
 S - a sack of spiders
Comestibles
 e - 6 bread rations
 k - 4 fruits
 q - 6 meat rations


   Skills:
 - Level 10.2 Fighting
 - Level 10.3 Long Blades
 - Level 10.9 Armour
 * Level 11.6 Stealth
 - Level 10.0 Shields
 - Level 7.0 Hexes
 - Level 3.1 Summonings
 - Level 3.0 Necromancy
 - Level 6.3 Invocations


You had 7 spell levels left.
You knew the following spells:

 Your Spells              Type           Power        Failure   Level  Hunger
a - Summon Butterflies    Summ           #.......     12%         1    ##.....
b - Slow                  Hex            ##......     3%          2    ###....
c - Corpse Rot            Necr           N/A          17%         2    ###....


Dungeon Overview and Level Annotations

Branches:
Dungeon (13/15)            Temple (1/1) D:7            Lair (4/8) D:9
  Swamp (1/4) Lair:3       Spider (0/4) Lair:3          Orc (0/4) D:11
 Vaults: D:13-14

Altars:
Ashenzari
Cheibriados
Dithmenos
Elyvilon
Fedhas
Gozag
Kikubaaqudgha
Makhleb
Okawaru
Qazlal
Ru
Sif Muna
Trog
Vehumet
Xom
Yredelemnul
Zin
The Shining One

Shops:
D:10 }   D:11 ?

Annotations:
D:11 Maurice
Lair:1 Gastronok


Innate Abilities, Weirdness & Mutations

You are under a permanent stasis effect.
You can dig through walls and to a lower floor.
Your four strong arms can wield two-handed weapons with a shield.
((You have a pair of large antennae on your head (SInv).))


Message History

The stone hits the jumping spider but does no damage.
The jumping spider is moderately wounded.
The stone disappears in a puff of smoke!
The jumping spider leaps!
You cannot move.
Throwing (i - inventory. (,) - cycle):
g - 309 stones (quivered)
Press: ? - help, Shift-Dir - straight line, f/p - jumping spider
Aim: a jumping spider (moderately wounded, umbra)
You throw a stone.
The stone barely misses the jumping spider.
You slash the jumping spider!
The jumping spider is severely wounded.
The jumping spider pounces on you!
* * * LOW HITPOINT WARNING * * *
You are caught in a web!
The jumping spider bites you but does no damage.
The jumping spider pounces on you but does no damage.
The jumping spider bites you but does no damage.
You disentangle yourself.
The jumping spider pounces on you!
You die...

.## #.### #...# ### #####..##
##.###.##.#...## #(.##..###.....#
# #((...#####....#.#
#†#...###.......##
##♣###..#.........#
##Ps#.##§#.....#....
#.....##.......##...
#......#.####^..##.. #P.....#.##
##{..### ##
#######.(#..#..####.....#
####.###.#..#..##..#.###.##....#
##.###.###......##.##..###.#.{^..
#.#..............#.#.......##..ss


You could see a jumping spider.

Vanquished Creatures
  3 unseen horrors
  Pikel (D:4)
  A wolf spider (Lair:3)
  An ugly thing (D:9)
  4 elephants (Lair:4)
  2 black mambas (Lair:3)
  Joseph (D:10)
  7 spiny frogs
  3 centaur skeletons
  A gargoyle (D:13)
  A komodo dragon (Lair:1)
  A fire drake (Lair:3)
  A polar bear (D:11)
  A two-headed ogre (D:8)
  The ghost of WellDressedCM the Ducker, an average HuWn of Nemelex Xobeh (D:5)
  A boulder beetle (Lair:4)
  A trapdoor spider (D:10)
  13 yaks
  2 wyverns
  A deep elf mage (D:11)
  A vampire (D:12)
  A hill giant zombie (D:11)
  Grum (D:10)
  10 wolves
  8 vampire mosquitoes (Lair:1)
  A steam dragon (Lair:3)
  6 swamp worms (Lair:3)
  6 hippogriffs
  10 water moccasins
  9 orc warriors
  3 phantoms
  4 porcupines
  Purgy (D:3)
  3 ice beasts
  8 ogres
  A black bear (D:7)
  7 crocodiles
  2 slaves (D:4)
  An eye of draining (D:9)
  12 centaurs
  5 sky beasts
  Blork the orc (D:6)
  14 giant frogs
  A gnoll sergeant (D:9)
  2 big kobolds
  A wyvern skeleton (D:7)
  A water moccasin skeleton (D:6)
  2 scorpions
  11 killer bees
  8 wights
  An electric eel (Lair:3)
  5 crimson imps
  4 orc priests
  4 jellies
  2 giant frog zombies
  17 iguanas
  Crazy Yiuf (D:3)
  A quasit (D:9)
  Ijyb (D:3)
  3 giant frog skeletons
  10 hounds
  Terence (D:3)
  Natasha (twice) (D:4)
  20 orc wizards
  5 worker ants
  A centaur simulacrum (D:11)
  3 giant frog simulacra (D:11)
  6 ogre zombies (D:11)
  4 sheep (Lair:1)
  3 hound skeletons
  16 adders
  9 gnolls
  13 river rats
  5 white imps (D:11)
  A worker ant simulacrum (D:11)
  3 shadow imps
  An ooze (D:7)
  2 adder zombies
  2 worms
  6 giant geckos
  47 orcs
  22 bats
  3 bat skeletons
  2 bat zombies
  6 giant cockroaches
  25 hobgoblins
  12 jackals
  4 quokkas
  A ball python (D:2)
  A giant gecko skeleton (D:7)
  10 giant newts
  12 goblins
  5 goblin zombies (D:11)
  A hobgoblin skeleton (D:11)
  4 hobgoblin zombies (D:11)
  A jackal skeleton (D:4)
  32 kobolds
  2 orc skeletons (D:11)
  12 orc zombies (D:11)
  A quokka skeleton (D:4)
  13 rats
  A plant (Lair:1)
557 creatures vanquished.

Vanquished Creatures (others)
  A yak (D:12)
  A worker ant (D:9)
  12 fungi
  5 plants
19 creatures vanquished.

Grand Total: 576 creatures vanquished

Notes
Turn   | Place    | Note
--------------------------------------------------------------
     0 | D:1      | amnekian the Formicid Fighter began the quest for the Orb.
     0 | D:1      | Reached XP level 1. HP: 18/18 MP: 1/1
   313 | D:1      | Reached XP level 2. HP: 21/24 MP: 2/2
   727 | D:1      | Reached XP level 3. HP: 29/29 MP: 3/3
  1522 | D:2      | Reached XP level 4. HP: 32/35 MP: 4/4
  1546 | D:2      | Reached skill level 4 in Long Blades
  2045 | D:2      | You fall through a shaft!
  2467 | D:3      | Reached XP level 5. HP: 35/41 MP: 5/5
  2496 | D:3      | Noticed Ijyb
  2513 | D:3      | Killed Ijyb
  2513 | D:3      | Reached skill level 5 in Long Blades
  2854 | D:3      | Noticed Purgy
  3162 | D:3      | Noticed Terence
  3196 | D:3      | Killed Terence
  3240 | D:3      | Reached XP level 6. HP: 47/47 MP: 6/6
  3470 | D:3      | Reached skill level 6 in Long Blades
  3543 | D:3      | Killed Purgy
  3840 | D:3      | Noticed Crazy Yiuf
  3857 | D:3      | Killed Crazy Yiuf
  4114 | D:4      | Reached skill level 7 in Long Blades
  4114 | D:4      | Reached XP level 7. HP: 43/52 MP: 7/7
  4293 | D:4      | Noticed Natasha
  4319 | D:4      | Killed Natasha
  4745 | D:4      | Noticed Natasha
  4754 | D:4      | Killed Natasha
  4882 | D:4      | Noticed a slave
  4883 | D:4      | Noticed a slave
  4883 | D:4      | Noticed a slave
  4884 | D:4      | Noticed Pikel
  4928 | D:4      | Killed a slave
  4934 | D:4      | Killed a slave
  5060 | D:5      | Entered Level 5 of the Dungeon
  5372 | D:5      | Reached skill level 5 in Shields
  5909 | D:5      | Reached skill level 1 in Stealth
  5951 | D:5      | Reached XP level 8. HP: 54/58 MP: 8/8
  6002 | D:5      | Noticed WellDressedCM's ghost (average HuWn)
  6101 | D:5      | Killed WellDressedCM's ghost
  6101 | D:5      | Reached skill level 5 in Stealth
  6849 | D:6      | Learned a level 1 spell: Summon Butterflies
  7019 | D:6      | Noticed Blork the orc
  7038 | D:6      | Killed Blork the orc
  7242 | D:6      | Upgraded the game from 0.17-a0-1504-gb7d9117 to 0.17-a0-1508-ge7f3dc3
  7293 | D:6      | Reached skill level 8 in Long Blades
  7341 | D:6      | Reached XP level 9. HP: 54/64 MP: 9/9
  7438 | D:6      | Found a bloodstained altar of Trog.
  7751 | D:7      | You fall through a shaft!
  7757 | D:8      | Found a glowing golden altar of the Shining One.
  7950 | D:8      | Found an iron altar of Okawaru.
  7950 | D:8      | Found a radiant altar of Vehumet.
  8029 | D:7      | Found a staircase to the Ecumenical Temple.
  8034 | Temple   | Entered the Ecumenical Temple
  8038 | Temple   | Became a worshipper of Dithmenos the Shadowed
  8361 | D:7      | Reached skill level 9 in Long Blades
  8733 | D:6      | Reached skill level 10 in Long Blades
  8984 | D:4      | You fall through a shaft for 3 floors!
  9729 | D:8      | Found a shimmering altar of Xom.
  9868 | D:8      | Reached skill level 5 in Invocations
 10313 | D:9      | Found a deep blue altar of Sif Muna.
 10346 | D:10     | Entered Level 10 of the Dungeon
 10367 | D:10     | Reached XP level 10. HP: 70/70 MP: 14/14
 10397 | D:9      | Acquired Dithmenos's first power
 10618 | D:9      | Reached skill level 5 in Armour
 12116 | D:11     | Noticed Grum
 12201 | D:10     | Killed Grum
 12470 | D:10     | Found Rolex's Gadget Boutique.
 13009 | D:10     | Noticed Joseph
 13175 | D:10     | Got an ancient turquoise ring
 13178 | D:10     | Identified the ring "Teel Ajo" {+Fly AC+1 Dex+3} (You took it off a hobgoblin on level 10 of the Dungeon)
 13473 | D:10     | Reached skill level 10 in Armour
 13513 | D:11     | Acquired Dithmenos's second power
 13538 | D:11     | Noticed a purple ugly thing
 13542 | D:11     | Reached XP level 11. HP: 71/75 MP: 15/15
 13583 | D:11     | Noticed an unseen horror
 13592 | D:11     | Killed an unseen horror
 13610 | D:11     | Found Peapt's Magic Scroll Shoppe.
 13613 | D:11     | Bought a scroll of identify for 30 gold pieces
 13613 | D:11     | Bought a scroll of fear for 52 gold pieces
 13613 | D:11     | Bought a scroll of fear for 52 gold pieces
 13833 | D:11     | Noticed Maurice
 13948 | D:9      | You fall through a shaft for 3 floors!
 15036 | D:12     | Reached skill level 10 in Shields
 15039 | D:12     | Acquired Dithmenos's third power
 15613 | D:11     | Learned a level 2 spell: Slow
 15761 | D:11     | Reached skill level 1 in Hexes
 16276 | D:11     | Found a staircase to the Orcish Mines.
 16485 | D:11     | Noticed an unseen horror
 16505 | D:11     | Killed an unseen horror
 16505 | D:11     | Reached skill level 5 in Fighting
 17039 | D:11     | Reached XP level 12. HP: 76/88 MP: 16/16
 17046 | D:11     | Acquired Dithmenos's fourth power
 17384 | D:9      | Found a staircase to the Lair.
 17554 | D:9      | Noticed an unseen horror
 17561 | D:9      | Killed an unseen horror
 17630 | D:9      | Killed a purple ugly thing
 17940 | D:9      | Noticed a rakshasa
 18033 | D:9      | You fall through a shaft!
 18287 | D:10     | Killed Joseph
 19349 | D:4      | Noticed a slave
 19357 | D:4      | Killed Pikel
 19410 | D:4      | Reached skill level 10 in Fighting
 19620 | D:2      | You fall through a shaft!
 19623 | D:3      | You fall through a shaft for 2 floors!
 19626 | D:5      | You fall through a shaft for 3 floors!
 19884 | Lair:1   | Entered Level 1 of the Lair of Beasts
 20383 | Lair:1   | Noticed a four-headed hydra
 20639 | Lair:1   | Noticed Gastronok
 20715 | Lair:2   | Reached skill level 5 in Hexes
 21253 | Lair:1   | Learned a level 2 spell: Corpse Rot
 21271 | Lair:1   | Reached skill level 1 in Summonings
 21337 | Lair:1   | Noticed a catoblepas
 21756 | Lair:2   | Reached XP level 13. HP: 103/103 MP: 17/17
 21965 | Lair:2   | Reached skill level 1 in Necromancy
 22151 | Lair:2   | Noticed a six-headed hydra
 23253 | Lair:3   | Found a staircase to the Swamp.
 23916 | Swamp:1  | Entered Level 1 of the Swamp
 24712 | Lair:4   | Reached skill level 10 in Stealth
 25239 | Lair:4   | Reached skill level 11 in Stealth
 25689 | Lair:3   | Found a hole to the Spider Nest.
 25727 | Lair:3   | HP: 5/154 [jumping spider (7)]
 25728 | Lair:3   | Mangled by a jumping spider

Vault maps used:
D:1:      dpeg_arrival_oval
D:2:      first_bread
D:3:      kennysheep_nub, uniq_purgy, uniq_terence, uniq_crazy_yiuf_cottage,
          uniq_iyjb
D:4:      uniq_pikel, uniq_natasha
D:6:      lightli_temple_of_fire, kennysheep_mini, uniq_blork_the_orc
D:7:      minmay_temple_entry_from_below_a, kennysheep_generic_room_11
D:8:      tso_metal_star, old_standard_altar, gammafunk_temple_overflow_statue
D:9:      minmay_quarter_circles, overflow_temple_1_default
D:10:     serial_shops, shop, uniq_joseph
D:11:     zombieorc2_lemuel, serial_shops, nicolae_shop_behind_doors,
          serial_ice, serial_ice_i, serial_ice_e, serial_ice_h, serial_ice_b,
          portal_ice_cave_entry_pillars_01, uniq_maurice, uniq_grum
D:12:     serial_co_window_serial, co_window_cross_1, co_window_corner_a,
          co_window_paths_b, co_window_cross_1, co_window_corner_a,
          co_window_2corner, co_window_broadway_a, co_window_corner_b,
          co_window_corner_b, co_window_of_opportunity_b, co_window_cross_4,
          co_window_paths_c, co_window_paths_e, co_window_4corner_a,
          uniq_azrael, uniq_snorg
D:13:     david_vaults_2, the_bakery, uniq_urug
Temple:   minmay_freezing_vapour_temple_12
Lair:1:   pond, uniq_gastronok
Lair:2:   serial_bayou_crossing
Lair:3:   nicolae_swamp_entry_splash_gauntlet, spider_nest_entry_funnel_web,
          beast_lair_carwin_8
Lair:4:   hangedman_lair_generics_rect, uniq_harold
Swamp:1:  infiniplex_staircase_pool_2

Action                   |  1- 3 |  4- 6 |  7- 9 | 10-12 | 13-15 || total
-------------------------+-------+-------+-------+-------+-------++-------
Melee: Long sword        |   145 |   267 |   653 |  1705 |   417 ||  3187
 Fire: Shortbow          |       |       |    28 |     5 |       ||    33
       Blowgun           |       |       |       |     4 |    13 ||    17
Throw: Stone             |     3 |     4 |    12 |    10 |    11 ||    40
 Cast: Slow              |       |       |       |     4 |     3 ||     7
       Summon Butterflie |       |       |       |     3 |       ||     3
Invok: Shadow Step       |       |       |       |     4 |     1 ||     5
 Abil: Shaft Self        |       |     1 |     2 |     5 |       ||     8
       Dig               |       |     1 |     8 |     5 |     4 ||    18
Evoke: Wand              |       |       |       |     3 |       ||     3
  Use: Potion            |       |     1 |     1 |     3 |     2 ||     7
       Scroll            |       |       |    11 |    11 |     2 ||    24
 Stab: Sleeping          |       |       |     2 |     5 |     9 ||    16
       Distracted        |       |       |       |     1 |       ||     1
  Eat: Chunk             |     2 |     7 |    17 |    30 |    13 ||    69
       Bread ration      |       |     1 |       |     1 |       ||     2
       Beef jerky        |       |       |     1 |     1 |       ||     2
       Royal jelly       |       |       |     1 |       |       ||     1
       Fruit             |       |       |       |     1 |       ||     1
       Meat ration       |       |       |       |     1 |       ||     1
